 Dungeon Crawl Stone Soup version 0.30-a0-847-g17996783a1 (webtiles) character file.

Game seed: 5574117706320903216

9896 cforsyth the Covert (level 11, 0/64 HPs)
             Began as a Kobold Brigand on Mar 3, 2023.
             Was a Priest of Hepliaklqana.
             Slain by an ogre
             ... wielding a +0 giant spiked club
             ... led by Lodul
              (23 damage)
             ... on level 11 of the Dungeon.
             The game lasted 00:14:52 (13912 turns).

cforsyth the Covert (Kobold Brigand)               Turns: 13912, Time: 00:14:52

Health: 0/64       AC: 10    Str:  9    XL:     11   Next: 82%
Magic:  11/11      EV: 23    Int: 13    God:    Hepliaklqana [***...]
Gold:   596        SH:  0    Dex: 31    Spells: 10/10 levels left

rFire   . . .      SeeInvis .    f - +10 dagger "Somoux" {speed, Dex+5}
rCold   . . .      Faith    .    (no shield)
rNeg    . . .      Spirit   .    I - +2 ring mail {rPois}
rPois   +          Reflect  .    u - +0 helmet
rElec   .          Rampage  .    c - +0 cloak
rCorr   +                        K - +0 pair of gloves
Will    .....                    (no boots)
Stlth   +++++++                  (no amulet)
HPRegen 0.30/turn                l - +6 ring of dexterity
MPRegen 0.12/turn                p - ring of resist corrosion

@: no status effects
A: reduced essence, small, no large weapons, nightstalker 3
a: Renounce Religion, Recall Ancestor, Ancestor Identity, Transference


You were on level 11 of the Dungeon.
You worshipped Hepliaklqana.
Hepliaklqana was most pleased with you.
You visited 1 branch of the dungeon, and saw 11 of its levels.
You also visited: Sewer.

You collected 596 gold pieces.

Inventory:

Hand Weapons
 a - a +3 dagger
 f - the +10 dagger "Somoux" (weapon) {speed, Dex+5}
   (You acquired it on level 7 of the Dungeon)

   Dex:       It affects your dexterity (+5).
Missiles
 d - 45 poisoned darts (quivered)
 e - 3 curare-tipped darts
 F - a throwing net
Armour
 b - a +0 robe
 c - a +0 cloak (worn)
 u - a +0 helmet (worn)
 I - a +2 ring mail of poison resistance (worn)
 K - a +0 pair of gloves (worn)
Jewellery
 l - a +6 ring of dexterity (left hand)
 p - a ring of resist corrosion (right hand)
Wands
 t - a wand of mindburst (12)
 x - a wand of roots (12)
 M - a wand of light (7)
 P - a wand of digging (4)
 Q - a wand of polymorph (4)
 S - a wand of flame (4)
Scrolls
 g - 4 scrolls of amnesia
 m - 2 scrolls of torment
 n - a scroll of silence
 o - 2 scrolls of brand weapon
 q - 4 scrolls of teleportation
 s - a scroll of enchant weapon
 y - 3 scrolls of blinking
 B - a scroll of summoning {unknown}
 C - 2 scrolls of fear {unknown}
 D - a scroll of noise {unknown}
 J - a scroll of magic mapping
 L - a scroll of immolation {unknown}
 N - 3 scrolls of identify
 O - a scroll of enchant armour {unknown}
 R - a scroll of fog {unknown}
Potions
 h - 3 potions of heal wounds
 i - a potion of cancellation
 j - 2 potions of berserk rage
 k - 2 potions of lignification
 r - a potion of haste
 v - 3 potions of ambrosia
 w - 4 potions of curing
 z - 4 potions of might
 A - a potion of magic
 E - a potion of mutation
 G - 3 potions of invisibility
 H - a potion of attraction {unknown}


   Skills:
 + Level 10.1 Fighting
 + Level 11.9 Short Blades
 - Level 2.1 Throwing
 + Level 10.7 Dodging
 + Level 13.6 Stealth


You had 10 spell levels left.
You didn't know any spells.
Your spell library contained the following spells:

 Spells                   Type           Power      Damage    Failure   Level
 Kiss of Death            Conj/Necr      0%         2d5       65%         1
 Magic Dart               Conj           0%         1d3       65%         1
 Call Imp                 Summ           0%         N/A       78%         2
 Confusing Touch          Hex            0%         N/A       95%         3
 Frozen Ramparts          Ice            0%         1d1       95%         3
 Mephitic Cloud           Conj/Pois/Air  0%         N/A       95%         3
 Dispel Undead            Necr           0%         3d6       100%        4
 Ice Form                 Ice/Tmut       0%         N/A       100%        4
 Summon Ice Beast         Ice/Summ       0%         N/A       100%        4


Dungeon Overview and Level Annotations

Branches:
Dungeon (11/15)            Temple (0/1) D:5            Lair (0/5) D:8
  Sewer (visited)
    Orc: D:9-12

Altars:
Ashenzari
Dithmenos
Fedhas
Hepliaklqana
Makhleb
Nemelex Xobeh
Okawaru
Qazlal
Trog
Uskayaw
Xom

Shops:
D:8 *

Annotations:
D:11 Lodul


Innate Abilities, Weirdness & Mutations

Your life essence is reduced to manifest your ancestor. (-10% HP)
You are small and have problems with some larger weapons.
You are completely attuned to the shadows.


Message History

The ogre is heavily wounded.
You hit the ogre.
The ogre is severely wounded.
The ogre hits you with a +0 giant spiked club!
You puncture the ogre!
You kill the ogre!
The ogre misses you.
You hit the ogre.
The ogre is moderately wounded.
You hit the ogre.
The ogre is moderately wounded.
Iltani hits the ogre with a +0 dagger of draining.
Iltani drains the ogre.
The ogre completely misses you.
You hit the ogre.
The ogre is severely wounded.
You puncture the ogre!
You kill the ogre!
You puncture Lodul!
Lodul is lightly wounded.
Lodul misses you. The ogre closely misses you.
You puncture Lodul!
Lodul is moderately wounded.
You hit Lodul.
Lodul is moderately wounded.
Iltani hits Lodul with a +0 dagger of draining.
The ogre hits you with a +0 giant club!!
You are too injured to fight recklessly!
You are too injured to fight recklessly!
You are too injured to fight recklessly!
You are too injured to fight recklessly!
You are too injured to fight recklessly!
You are too injured to fight recklessly!
You are too injured to fight recklessly!
You are too injured to fight recklessly!
You are too injured to fight recklessly!
You hit Lodul.
Lodul is heavily wounded.
The ogre attacks as you move away!
The ogre hits you with a +0 giant spiked club!!
You die...

#...... ###### #.#####
.....# #.#...# ...OO#
#R#R#.# .......)#
#...#.# '........###
#####.# #........'O###
#.O....
#...OOO..#[..###.#O###
#...R@O..###..##O#.#.O
####'##### ##O.O.#.#.#
#....# ####.#<..#
#.#### #######
##'######## #####..
#.....)...# #.....^
#.........# #......
##........# #......
###........# #......


You could see the friendly Iltani the hexer, Lodul (ally target) and 3 ogres.

Vanquished Creatures
  3 two-headed ogres
  Nergalle (D:11)
  A komodo dragon (D:9)
  2 kobold demonologists (D:10)
  A troll (D:10)
  A shadow (D:10)
  6 yaks (D:10)
  Grum (D:9)
  A vampire (D:10)
  Edmund (D:6)
  4 acid dragons
  A black bear (D:8)
  7 orc warriors
  An ice beast (D:8)
  5 ogres
  4 wolves (D:9)
  4 centaurs
  5 kobold brigands
  7 bullfrogs
  A gnoll sergeant (D:5)
  2 scorpions
  6 wights
  5 killer bees (D:9)
  3 hounds (D:5)
  A jelly (D:6)
  7 orc priests
  A gnoll bouda (D:7)
  3 iguanas
  12 orc wizards
  9 gnolls
  12 adders
  6 river rats (Sewer)
  A white imp (D:8)
  An ufetubus (D:6)
  3 worms
  4 dart slugs
  32 orcs
  9 endoplasms
  4 giant cockroaches
  3 hobgoblins
  3 quokkas
  13 ball pythons
  5 bats
  2 frilled lizards (Sewer)
  4 goblins
  28 kobolds
  32 rats
268 creatures vanquished.

Vanquished Creatures (collateral kills)
  A centaur (D:11)
  2 wights
  An orc priest (D:6)
  An orc wizard (D:10)
  8 orcs
  2 kobolds
15 creatures vanquished.

Vanquished Creatures (others)
  2 hexers (D:11)
  2 ancestors
4 creatures vanquished.

Grand Total: 287 creatures vanquished

Notes
Turn   | Place    | Note
-------+----------+-------------------------------------------
     0 | D:1      | cforsyth the Kobold Brigand began the quest for the Orb.
     0 | D:1      | Reached XP level 1. HP: 12/12 MP: 1/1
   291 | D:1      | Reached XP level 2. HP: 18/18 MP: 2/2
   966 | D:2      | Reached XP level 3. HP: 22/22 MP: 3/3
  1317 | D:2      | Reached XP level 4. HP: 27/27 MP: 4/4
  1699 | D:3      | Found the +5 woodcutter's axe
  1747 | D:3      | Found a shadowy altar of Dithmenos.
  2041 | D:3      | You fall into a shaft and drop 1 floor!
  2300 | D:3      | Reached skill level 6 in Stealth
  2770 | D:4      | Reached XP level 5. HP: 32/32 MP: 5/5
  3174 | D:4      | Found a hazy altar of Hepliaklqana.
  3175 | D:4      | Found a shimmering altar of Xom.
  3176 | D:4      | Noticed a spectral ugly thing
  3181 | D:4      | Became a worshipper of Hepliaklqana the Forgotten
  3585 | D:4      | Found a stormy altar of Qazlal.
  3650 | D:5      | Entered Level 5 of the Dungeon
  3681 | D:5      | Reached XP level 6. HP: 30/38 MP: 6/6
  3726 | D:5      | Found a glowing drain.
  3801 | Sewer    | Entered a sewer
  4453 | Sewer    | Reached skill level 7 in Stealth
  4690 | Sewer    | Reached skill level 5 in Short Blades
  4703 | Sewer    | Reached XP level 7. HP: 12/44 MP: 7/7
  5401 | D:5      | Reached * piety under Hepliaklqana
  5412 | D:5      | Found a staircase to the Ecumenical Temple.
  5827 | D:6      | Reached XP level 8. HP: 43/43 MP: 8/8
  5901 | D:6      | Reached skill level 5 in Fighting
  5901 | D:6      | Reached skill level 5 in Dodging
  5913 | D:6      | Reached skill level 8 in Stealth
  7279 | D:6      | Noticed Edmund
  7598 | D:6      | Killed Edmund
  7851 | D:6      | Reached skill level 9 in Stealth
  8109 | D:6      | Found a sparkling altar of Nemelex Xobeh.
  8390 | D:6      | Reached XP level 9. HP: 29/49 MP: 9/9
  8882 | D:7      | Identified a scroll of acquirement
  8885 | D:7      | Acquired the +10 dagger "Somoux" {speed, Dex+5}
  9148 | D:7      | Reached ** piety under Hepliaklqana
  9149 | D:7      | Remembered your ancestor Iltani as a hexer
  9327 | D:7      | Found a broken altar of Ashenzari.
  9973 | D:8      | Reached skill level 10 in Stealth
 10009 | D:8      | Found a staircase to the Lair.
 10129 | D:8      | Identified the +9 mace "Kofaxin" {flame, *Corrode Int+5
                  | Stlth+}
 10134 | D:8      | Found Rais's Mayhem Merchandise.
 10164 | D:8      | Found a bloodstained altar of Trog.
 10864 | D:8      | Found a blossoming altar of Fedhas.
 10966 | D:8      | Noticed a two-headed ogre
 10977 | D:8      | Killed a two-headed ogre
 10978 | D:8      | Reached XP level 10. HP: 29/57 MP: 10/10
 11304 | D:9      | Reached skill level 11 in Stealth
 11427 | D:9      | Noticed Grum
 11448 | D:9      | Killed Grum
 11506 | D:9      | Noticed a two-headed ogre
 11514 | D:9      | Killed a two-headed ogre
 11515 | D:9      | Reached skill level 10 in Short Blades
 11579 | D:9      | Noticed a komodo dragon
 11587 | D:9      | Killed a komodo dragon
 11681 | D:9      | Reached *** piety under Hepliaklqana
 11856 | D:9      | Found a hide-covered altar of Uskayaw.
 11876 | D:9      | Reached skill level 12 in Stealth
 11974 | D:9      | Found an iron altar of Okawaru.
 11992 | D:9      | Identified the +5 sling of the Present {heavy, Dex+6}
 12020 | D:9      | Found a burning altar of Makhleb.
 12373 | D:10     | Entered Level 10 of the Dungeon
 12431 | D:10     | Reached XP level 11. HP: 62/62 MP: 11/11
 12462 | D:10     | Noticed a two-headed ogre
 12466 | D:10     | Killed a two-headed ogre
 12545 | D:10     | Reached skill level 10 in Dodging
 12615 | D:10     | Reached skill level 13 in Stealth
 13422 | D:11     | Noticed Nergalle
 13426 | D:11     | Killed Nergalle
 13606 | D:11     | Noticed Lodul
 13746 | D:11     | Identified the +3 trident "Enaxea" {drain, rF+ Dex+2}
 13769 | D:11     | Reached skill level 10 in Fighting
 13912 | D:11     | Slain by an ogre

Illustrated notes

Levels and vault maps discovered:
D:1:      giann_horns, layout_basic, corner_web_ring,
          hangedman_abyss_or_decor_lesser_grid
D:2:      layout_loops_ring, hangedman_decor_clover_reticule, minmay_cut_off
D:3:      layout_basic, grunt_dithmenos_smoke
D:4:      layout_loops_ring, regret_index_temple_of_mockery, marbit_many_paths
D:5:      layout_basic, minmay_temple_entry_steel_oval,
          cheibrodos_sewer_entry_bend
D:6:      layout_basic, kennysheep_mini_moat, serial_curves, eino_curves_04,
          eino_curves_03, hangedman_decor_lopped, reono_crystal_passage,
          kennysheep_generic_room_10, uniq_edmund
D:7:      layout_rooms, mainiacjoe_overflow_concentric_impassable,
          serial_co_window_serial, co_window_paths_b,
          co_window_of_opportunity_a, co_window_of_opportunity_a,
          co_window_paths_a, co_window_corner_a, co_window_unsneaky_path_a,
          co_window_corner_cb, co_window_paths_c, co_window_2corner,
          co_window_cross_4, co_window_2corner, co_window_4corner_b,
          glass_columns_a, glass_columns_a, glass_columns_c
D:8:      layout_basic, trog_butcher_becter, nicolae_overflow_hidden_temple,
          lair_entry_dummy, chequers_serial_rivers_large_b, grunt_ministairs_9,
          chequers_serial_rivers_large_a, minmay_shop_mayhem
D:9:      layout_basic, nicolae_uskayaw_dance_studio, lemuel_crystal_altar,
          mainiacjoe_overflow_surrounded_room, dk_noncrumbling_2, moated_statue,
          minmay_misc_feat_chi, uniq_grum
D:10:     layout_cave_pods, chequers_serial_rivers_marsh
D:11:     layout_roguey [special_room_orc], hiddenorc1_lemuel,
          chequers_serial_rivers_micro_e, vehumet_statue, uniq_gastronok,
          uniq_nergalle, uniq_lodul

Skill      XL: |  1  2  3  4  5  6  7  8  9 10 11 |
---------------+----------------------------------+-----
Short Blades   | 3 4 5 7 9 10 11 | 11.9
Dodging        | 2 3 4 6 8 9 10 | 10.7
Fighting       | 3 4 6 7 8 10 | 10.1
Stealth        | 6 7 9 10 12 13 | 13.6
Throwing       | |  2.1

Action                     |  1- 3 |  4- 6 |  7- 9 | 10-12 || total
---------------------------+-------+-------+-------+-------++-------
  Melee: Dagger            |    46 |   272 |   278 |   306 ||   902
         Punch             |       |     2 |     2 |     8 ||    12
 Invoke: Recall Ancestor   |       |       |     1 |       ||     1
         Ancestor Life: He |       |       |     1 |       ||     1
    Use: Scroll            |       |     1 |    15 |     2 ||    18
         Potion            |       |     4 |       |       ||     4
   Stab: Sleeping          |    20 |    22 |    22 |     9 ||    73
         Distracted        |       |       |     5 |     2 ||     7
         Confused          |       |       |     4 |     7 ||    11
 Armour: Robe              |       |    44 |    13 |       ||    57
         Ring mail         |       |       |     8 |    30 ||    38
  Dodge: Dodged            |    25 |   255 |   133 |   191 ||   604

Table legend: (Time is in decaauts)
 A = Elapsed time spent in this place.
 B = Non-inter-level travel time spent in this place.
 C = Inter-level travel time spent in this place.
 D = Time resting spent in this place.
 E = Time spent auto-exploring this place.
 F = Levels seen in this place.
 G = Mean time per level.
                   A        B        C        D        E       F      G
               +--------+--------+--------+--------+--------+-----+--------+
         Total |  13626 |  12916 |    710 |   2770 |   8496 |  12 | 1135.5 |
       Dungeon |  12353 |  11643 |    710 |   1907 |   8379 |  11 | 1123.0 |
         Sewer |   1272 |   1272 |      0 |    863 |    116 |   1 | 1272.0 |
               +--------+--------+--------+--------+--------+-----+--------+

Top non-repeatable levels by time:
     D:5: 2183 daAuts
     D:6: 1373 daAuts
     D:8: 1311 daAuts
   Sewer: 1272 daAuts
     D:7: 1189 daAuts
     D:3: 1104 daAuts
     D:9: 1047 daAuts
     D:1: 987 daAuts
     D:4: 974 daAuts
    D:10: 934 daAuts
     D:2: 763 daAuts
    D:11: 484 daAuts
